 Dungeon Crawl Stone Soup version 0.31.0-9-g3a7656b989 (webtiles) character file.

Game seed: 6823022291211539566

65 qw the Shooter (level 3, -5/20 HPs)
             Began as a Deep Elf Hunter on Feb 2, 2024.
             Killed from afar by Ijyb (7 damage)
             ... with a puff of flame
             ... on level 3 of the Dungeon.
             The game lasted 00:00:06 (2231 turns).

qw the Shooter (Deep Elf Hunter)                    Turns: 2231, Time: 00:00:07

Health: -5/20      AC:  5    Str: 10    XL:     3   Next: 94%
Magic:  5/5        EV: 11    Int: 13    God:
Gold:   221        SH:  0    Dex: 18    Spells: 2/2 levels left

rFire   . . .        c - +0 orcbow
rCold   . . .        (shield currently unavailable)
rNeg    . . .        d - +0 ring mail
rPois   .            (no helmet)
rElec   .            (no cloak)
rCorr   .            (no gloves)
SInv    .            (no boots)
Will    .....        (no amulet)
Stlth   +            (no ring)
HPRegen 0.23/turn    (no ring)
MPRegen 0.09/turn

%: no passive effects
@: about to teleport
A: no striking features
a: no special abilities


You were on level 3 of the Dungeon.
You visited 1 branch of the dungeon, and saw 3 of its levels.

You collected 221 gold pieces.


   Skills:
 - Level 1.5 Fighting
 + Level 7.4 Ranged Weapons
 - Level 2.4 Dodging
 - Level 1.2 Stealth


You had 2 spell levels left.
You didn't know any spells.
Your spell library was empty.

Inventory:

Hand Weapons
 c - a +0 orcbow (weapon)
Armour
 d - a +0 ring mail (worn)
 g - the +1 helmet of the Fife {Str+2 Dex+4 Stlth+}
   (You found it on level 3 of the Dungeon)

   Str+2:     It affects your strength (+2).
   Dex+4:     It affects your dexterity (+4).
   Stlth+:    It makes you more stealthy.
Wands
 e - a wand of charming (8)
Scrolls
 i - a scroll of identify
Potions
 a - a potion of curing {unknown}
 f - 2 potions of haste
 h - a potion of ambrosia {unknown}
 j - a potion of heal wounds

Dungeon Overview and Level Annotations

Branches:
Dungeon (3/15)

Altars:
Ashenzari

Annotations:
D:3 Ijyb


Message History

The endoplasm is lightly wounded.
The endoplasm freezes you.
You are frozen.
You shoot an arrow. The arrow barely misses the endoplasm.
The endoplasm freezes you.
You are frozen.
You shoot an arrow. The arrow hits the endoplasm.
The endoplasm is heavily wounded.
The endoplasm closely misses you.
You shoot an arrow. The arrow hits the endoplasm.
You kill the endoplasm!
You start resting.
HP restored.
An endoplasm comes into view.
The endoplasm quivers.
You shoot an arrow. The arrow hits the endoplasm.
The endoplasm is heavily wounded.
The endoplasm closely misses you.
You shoot an arrow. The arrow hits the endoplasm.
The endoplasm is almost dead.
The endoplasm barely misses you.
You shoot an arrow. The arrow hits the endoplasm.
You kill the endoplasm!
There is a stone staircase leading down here.
You see here a bat skeleton.
You see here a +0 sling.
Ijyb the Twisted Goblin comes into view.
She is wielding a +0 dagger and carrying a wand of flame.
You shoot an arrow. The arrow hits Ijyb.
Ijyb is moderately wounded.
You shoot an arrow. The arrow hits Ijyb but does no damage.
Ijyb is lightly wounded.
Ijyb zaps a wand.
The puff of flame hits you!
Ouch! That really hurt!
You shoot an arrow. The arrow closely misses Ijyb.
Ijyb zaps a wand.
The puff of flame hits you!
2231 ||| READING scroll of teleportation.
As you read the scroll of teleportation, it crumbles to dust.
You feel strangely unstable.
Ijyb zaps a wand.
The puff of flame hits you!
You die...

##... #..## #### ## #####.###
...# . #.....# # ..#
#.#.#.#### g.. #.#.#....##
#......# #.# #.#.#......
#......# #.# #.#.#....##
#......# #@# ##.#.#....##
#..)...####.#####..#........
+.###..............#........
#.###..)..................#.
###.###.#...#.................
#....#........................
###..#..##..#.....####..##....
#.._..##..........##..##....
#..#..#####.#..##...).##..##


You could see Ijyb.

Vanquished Creatures
  2 adders
  A dart slug (D:2)
  A ribbon worm (D:3)
  An orc (D:3)
  4 bats
  5 endoplasms
  3 giant cockroaches
  5 hobgoblins
  A quokka (D:2)
  4 ball pythons
  2 frilled lizards
  4 goblins
  5 kobolds
  3 rats (D:2)
41 creatures vanquished.

Notes
Turn   | Place    | Note
-------+----------+-------------------------------------------
     0 | D:1      | qw the Deep Elf Hunter began the quest for the Orb.
     0 | D:1      | Reached XP level 1. HP: 12/12 MP: 3/3
     0 | D:1      | 0 ||| qw: Version: 0.3-a-155-g5e7d8dd
     0 | D:1      | 0 ||| qw: Game counter: 1593
     0 | D:1      | 0 ||| qw: Melee chars always use a shield: true
     0 | D:1      | 0 ||| qw: God list: Okawaru
     0 | D:1      | 0 ||| qw: Allow faded altars: false
     0 | D:1      | 0 ||| qw: Do Orc after clearing Dungeon:15 true
     0 | D:1      | 0 ||| qw: Do second Lair branch before Depths: true
     0 | D:1      | 0 ||| qw: Lair rune preference: random
     0 | D:1      | 0 ||| qw: Goals: Normal
     0 | D:1      | 0 ||| PLANNING D:1-11
   132 | D:1      | Found a faded altar of an unknown god.
   426 | D:1      | Reached skill level 6 in Ranged Weapons
   426 | D:1      | Reached XP level 2. HP: 16/16 MP: 4/4
   835 | D:1      | 835 ||| UPGRADING to +0 ring mail.
   845 | D:1      | 845 ||| DROPPING +0 leather armour.
   846 | D:1      | 846 ||| READING scroll labelled ICOXKI IRRAISI.
   849 | D:1      | 849 ||| READING scroll labelled ACU CIGREZXO.
   850 | D:1      | 850 ||| READING scroll labelled BIVALYUSTRYWK.
   951 | D:1      | 951 ||| READING 2 scrolls labelled UWNOAXT MYMELA.
   951 | D:1      | 951 ||| IDENTIFYING brown potion
   952 | D:1      | 952 ||| READING scroll of identify.
   952 | D:1      | 952 ||| IDENTIFYING pink potion
   953 | D:1      | 953 ||| DROPPING scroll of butterflies.
  1086 | D:2      | 1086 ||| SWAPPING to +0 orcbow.
  1087 | D:2      | 1087 ||| DROPPING +0 shortbow.
  1352 | D:2      | Reached XP level 3. HP: 20/20 MP: 5/5
  1599 | D:2      | Reached skill level 7 in Ranged Weapons
  1646 | D:2      | 1646 ||| READING scroll labelled NYILUO HAFIAT.
  1647 | D:2      | 1647 ||| READING 2 scrolls labelled NYEPO ACLIMOU.
  1648 | D:2      | 1648 ||| DROPPING scroll of blinking.
  1747 | D:3      | Identified the +1 helmet of the Fife {Str+2 Dex+4 Stlth+}
  1948 | D:3      | Found a broken altar of Ashenzari.
  2227 | D:3      | Noticed Ijyb
  2230 | D:3      | HP: 2/20 [Ijyb/puff of flame (8)]
  2231 | D:3      | 2231 ||| READING scroll of teleportation.
  2231 | D:3      | Killed from afar by Ijyb

Levels and vault maps discovered:
D:1:      shiori_arrival_elements, layout_basic,
          hellmonk_ecumenical_altar_run_dry, corexii_hall_statues_s
D:2:      layout_loops_ring
D:3:      layout_basic, cheibrodos_ashenzari_chains, old_standard_altar,
          serial_co_window_serial, co_window_cross_1,
          co_window_of_opportunity_a, co_window_corner_a, co_window_paths_a,
          co_window_cross_1, co_window_paths_a, co_window_2corner,
          co_window_unsneaky_path_b, co_window_2corner, co_window_corner_ca,
          co_window_paths_d, co_window_paths_e, glass_columns_b,
          glass_columns_a, kennysheep_generic_room_13, uniq_ijyb

Skill      XL: |  1  2  3 |
---------------+----------+-----
Ranged Weapons | 6 7 |  7.4
Fighting       | |  1.5
Dodging        | |  2.4
Stealth        | |  1.2

Action                     || total
---------------------------++-------
   Fire: Shortbow          ||    41
         Orcbow            ||    61
    Use: Scroll            ||     8
 Armour: Ring mail         ||    13
  Dodge: Dodged            ||    10

Table legend:
 A = Non-vault XP
 B = Vault XP
 C = Vault XP percentage of total XP
 D = Non-vault monster count
 E = Vault monster count
 F = Vault count percentage of total count
                 A         B        C        D         E       F
            +---------+---------+-------+---------+---------+-------
      Total |      94 |       0 |   0.0 |      41 |       0 |   0.0
            +---------+---------+-------+---------+---------+-------
        D:1 |      18 |       0 |   0.0 |      12 |       0 |   0.0
        D:2 |      46 |       0 |   0.0 |      20 |       0 |   0.0
        D:3 |      30 |       0 |   0.0 |       9 |       0 |   0.0
            +---------+---------+-------+---------+---------+-------
